 Dungeon Crawl Stone Soup version 0.27-a0-732-ga892ba84f6 (webtiles) character file.

Game seed: 12381878611094297982

99 sanka the Cutter (level 4, 0/35 HPs)
             Began as a Vampire Abyssal Knight on Mar 23, 2021.
             Was a Believer of Lugonu.
             Succumbed to Ijyb's poison
             ... while paralysed by Ijyb
             ... on level 3 of the Dungeon.
             The game lasted 00:04:01 (2037 turns).

sanka the Cutter (Vampire Abyssal Knight)           Turns: 2037, Time: 00:04:02

Health: 0/35       AC:  7    Str: 11    XL:     4   Next: 45%
Magic:  6/6        EV:  2    Int: 14    God:    Lugonu [**....]
Gold:   73         SH:  0    Dex: 14    Spells: 4/6 levels left

rFire    . . .     SeeInvis +   a - +1 short sword
rCold    . . .     Faith    .   (no shield)
rNeg     + . .     Spirit   .   r - +1 robe {rN+}
rPois    .         Reflect  .   (no helmet)
rElec    .         Harm     .   (no cloak)
rCorr    .         Rampage  .   (no gloves)
Will     .....                  (no boots)
Stlth    +.........             (no amulet)
HPRegen  0.31/turn              j - +4 ring of protection
MPRegen  0.10/turn              (no ring)

@: paralysed, lethally poisoned (0 -> -4), regenerating quickly
A: alive, fangs 3, see invisible, unbreathing 1, vampiric 2
a: Exsanguinate, Renounce Religion, Depart the Abyss, Bend Space


You were on level 3 of the Dungeon.
You worshipped Lugonu.
Lugonu was pleased with you.
You visited 1 branch of the dungeon, and saw 3 of its levels.
You visited the Abyss 1 time.

You collected 73 gold pieces.


Innate Abilities, Weirdness & Mutations

Your natural rate of healing is unusually fast.
You have razor-sharp teeth.
You have supernaturally acute eyesight. (SInv)
You can survive without breathing.
You are afflicted with vampirism and can become a bat while bloodless.


   Skills:
 - Level 3.0 Fighting
 - Level 3.7 Short Blades
 - Level 0.7 Armour
 - Level 2.1 Dodging
 + Level 1.6 Spellcasting
 + Level 1.9 Summonings
 - Level 1.5 Invocations


You had 4 spell levels left.
You knew the following spells:

 Your Spells              Type           Power      Damage    Failure   Level
z - Call Imp              Summ           6%         N/A       17%         2

Your spell library contained the following spells:

 Spells                   Type           Power      Damage    Failure   Level
 Magic Dart               Conj           4%         1d3       26%         1
 Blink                    Tloc           N/A        N/A       36%         2
 Slow                     Hex            1%         N/A       36%         2
 Conjure Flame            Conj/Fire      1%         6-21      58%         3
 Mephitic Cloud           Conj/Pois/Air  1%         N/A       58%         3

Inventory:

Hand Weapons
 a - a +1 short sword (weapon)
 p - a +0 rapier
Missiles
 q - 10 poisoned darts
Armour
 r - a +1 robe of positive energy (worn)
Jewellery
 j - a +4 ring of protection (right hand)
Scrolls
 c - a scroll of teleportation {unknown}
 d - a scroll of amnesia {unknown}
 e - a scroll of brand weapon {unknown}
 f - 2 scrolls of enchant weapon {unknown}
 l - 3 scrolls of noise {unknown}
 m - a scroll of fog {unknown}
Potions
 b - a potion of attraction {unknown}
 g - a potion of flight {unknown}
 h - a potion of heal wounds {unknown}
 i - a potion of curing {unknown}
 k - a potion of mutation {unknown}
 n - a potion of invisibility {unknown}
 o - a potion of brilliance {unknown}

Dungeon Overview and Level Annotations

Branches:
Dungeon (3/15)

Altars:
Trog
Yredelemnul

Annotations:
D:3 Ijyb

▒▒▒ .. ▒. ▒▒▒▒.▒▒▒▒
▒...[g..▒ ▒.▒▒.V..▒▒
▒.▒▒.....▒▒ ▒.
▒.........▒ ▒▒.▒▒
▒.▒▒....£▒▒ ▒
▒▒...▒▒▒▒.▒▒....▒▒ ▒
▒...............▒ ▒
▒....▒▒▒▒>.▒.▒......
▒
▒.▒.▒▒▒▒▒..▒.▒▒▒▒▒▒▒
▒ ▒.▒..........▒


You could see Ijyb.


Message History

Unknown command.
You barely miss Ijyb.
Ijyb is moderately wounded.
You feel sick.
Ijyb zaps a wand.
You resist with some effort.
You hit Ijyb. You bite Ijyb, but do no damage.
Ijyb is heavily wounded.
You feel sick.
You are no longer poisoned.
Ijyb hits you but does no damage.
You are lethally poisoned!
Unknown command.
You closely miss Ijyb.
Ijyb is heavily wounded.
* * * LOW HITPOINT WARNING * * *
You feel very sick. Ijyb barely misses you.
You hit Ijyb but do no damage.
Ijyb is heavily wounded.
* * * LOW HITPOINT WARNING * * *
You feel sick.
Ijyb zaps a wand.
You suddenly lose the ability to move!
* * * LOW HITPOINT WARNING * * *
You feel sick.
Ijyb zaps a wand.
You shrug off the repeated paralysis!
You die...

Action                   |  1- 3 |  4- 6 || total
-------------------------+-------+-------++-------
Melee: Short sword       |   140 |    68 ||   208
       Bite              |    14 |     5 ||    19
 Cast: Call Imp          |       |     2 ||     2
 Stab: Sleeping          |     1 |       ||     1
Armor: Leather armour    |    30 |    17 ||    47
       Robe              |       |     9 ||     9
Dodge: Dodged            |    56 |    37 ||    93

Levels and vault maps discovered:
D:1:      dpeg_arrival_tiny_d, layout_basic, st_stairs_4
D:2:      layout_rooms, lemuel_zombie_altar_yredelemnul, tgw_trog
D:3:      layout_loops_ring, uniq_ijyb

Notes
Turn   | Place    | Note
-------+----------+-------------------------------------------
     0 | Abyss:1  | sanka the Vampire Abyssal Knight began the quest for the
                  | Orb.
     0 | Abyss:1  | Reached XP level 1. HP: 17/17 MP: 2/2
     2 | Abyss:1  | Found a corrupted altar of Lugonu.
    24 | D:1      | Escaped the Abyss
   227 | D:1      | Reached skill level 3 in Fighting
   450 | D:1      | Reached XP level 2. HP: 23/24 MP: 3/3
   507 | D:1      | Reached skill level 3 in Short Blades
   720 | D:1      | Reached ** piety under Lugonu
   767 | D:1      | Gained mutation: You are afflicted with vampirism and can
                  | become a bat while bloodless. [Vampire growth]
   767 | D:1      | Reached XP level 3. HP: 26/29 MP: 4/4
   954 | D:1      | Learned a level 2 spell: Call Imp
  1049 | D:2      | Reached skill level 1 in Summonings
  1060 | D:2      | HP: 2/29 [hobgoblin (4)]
  1187 | D:2      | Reached skill level 1 in Spellcasting
  1369 | D:2      | Reached XP level 4. HP: 13/35 MP: 5/5
  1482 | D:2      | Noticed a moth of wrath
  1485 | D:2      | Found a bloodstained altar of Trog.
  1608 | D:2      | Found a basalt altar of Yredelemnul.
  2022 | D:3      | Noticed Ijyb
  2034 | D:3      | HP: 2/35 [poisoned by Ijyb]
  2035 | D:3      | Paralysed by Ijyb for 2 turns
  2037 | D:3      | Succumbed to Ijyb's poison

Vanquished Creatures
  3 adders (D:2)
  An adder skeleton (D:2)
  A worm (D:2)
  2 dart slugs (D:1)
  6 bats
  2 gnoll zombies (D:2)
  5 goblins
  7 hobgoblins
  6 oozes
  3 quokkas
  7 ball pythons
  2 frilled lizards (D:1)
  6 kobolds
  11 rats
62 creatures vanquished.

Vanquished Creatures (collateral kills)
  A rat (D:2)
1 creature vanquished.

Grand Total: 63 creatures vanquished
